AoeStats
← Clueless Clown

Black Forest

508540303Analyzed
3v3 RM · 8d ago on Sep 22, 2026· 22m 16s· 6 players
Game mode
Random Map
Map size
Normal (6 player)
Population
200
Speed
Normal
Resources
Standard
Victory
Conquest
Starting age
Dark Age
Ending age
Imperial Age
RankedLock teamsTeams togetherTeam positionsShared explorationLock speedFull tech treeHidden civsTurbo modeCheats
Victory
Defeat
🇧🇷 Random · Brazil
1230
+14
🇧🇷 Chinese · Brazil
1148
+18
🇧🇷 Vietnamese · Brazil
1067
+21
🇺🇸 Bohemians · United States
1210
-19
🇨🇴 Malians · Colombia
1184
-18
🇺🇸 Random · United States
1151
-16
DougSh4rK
14:25 Feudal Age
18:58 Castle Age
17:51 Double-Bit Axe
17:48 Horse Collar
22:40 Wheelbarrow
RANDALZIN
0:34 Loom
10:36 Feudal Age
15:37 Castle Age
14:29 Double-Bit Axe
17:15 Horse Collar
19:24 Town Watch
22:11 Fletching
22:21 Padded Archer Armor
darkdudu
0:43 Loom
0:49 Loom
12:09 Feudal Age
16:30 Castle Age
14:57 Horse Collar
15:08 Double-Bit Axe
16:34 Arson
16:54 Scale Mail Armor
18:11 Forging
Clueless Clown
12:32 Feudal Age
16:06 Castle Age
15:59 Double-Bit Axe
15:56 Horse Collar
17:16 Bow Saw
19:27 Scale Mail Armor
18:55 Man-at-Arms
21:24 Squires
moreTuuunes
1:18 Loom
11:08 Feudal Age
15:53 Castle Age
13:41 Double-Bit Axe
13:47 Horse Collar
20:50 Wheelbarrow
20:22 Town Watch
CTM | Kiara
11:32 Feudal Age
9:48 Loom
15:33 Castle Age
17:42 Wheelbarrow
17:11 Town Watch
19:15 Hand Cart
19:20 Town Patrol
Connection lost

Rejoining the realm…

Still unreachable

The connection could not be restored.

Session expired

The server has moved on; the page needs a fresh start.